 Dungeon Crawl Stone Soup version 0.22-a0-423-g4197694 (webtiles) character file.

278 Kairos the Sneak (level 6, -6/30 HPs)
             Began as a Vine Stalker Enchanter on May 23, 2018.
             Mangled by a mummy (11 damage)
             ... in an ossuary.
             The game lasted 00:08:24 (3719 turns).

Kairos the Sneak (Vine Stalker Enchanter)           Turns: 3719, Time: 00:08:25

Health: -6/30      AC: 13    Str: 12    XL:     6   Next: 26%
Magic:  0/10       EV: 12    Int: 15    God:
Gold:   189        SH:  0    Dex: 15    Spells: 5/9 levels left

rFire    . . .     SeeInvis .   u - +3 flail (protect)
rCold    . . .     Gourm    .   (no shield)
rNeg     . . .     Faith    .   j - +0 leather armour
rPois    .         Spirit   +   B - +2 helmet
rElec    .         Reflect  .   (no cloak)
rCorr    .         Harm     +   (no gloves)
MR       .....                  (no boots)
Stlth    ++++......             v - amulet of harm
HPRegen  0.50/turn              l - ring of stealth
MPRegen  0.12/turn              (no ring)

@: protection aura
A: fangs 2, regeneration 1, magic shield, antimagic bite, no potion heal 3, rot
immunity
a: no special abilities


You were in an ossuary.
You were not hungry.

You visited 1 branch of the dungeon, and saw 4 of its levels.
You also visited: Ossuary.

You collected 189 gold pieces.

Inventory:

Hand Weapons
 a - a +1 dagger
 f - a +0 hand axe
 i - a +1 hand axe of freezing
 u - a +3 flail of protection (weapon)
Missiles
 n - 8 javelins (quivered)
Armour
 b - a +0 robe
 j - a +0 leather armour (worn)
 B - a +2 helmet (worn)
Magical Staves
 m - an uncursed staff of poison
Jewellery
 l - a ring of stealth (left hand)
 v - an amulet of harm (around neck)
Wands
 t - a wand of disintegration (13)
 x - a wand of flame (27)
Scrolls
 e - 3 scrolls of enchant weapon {unknown}
 k - 5 scrolls of identify {unknown}
 q - 2 scrolls of teleportation {unknown}
 r - a scroll of enchant armour {unknown}
 s - a scroll of blinking {unknown}
 y - a scroll of remove curse {unknown}
 z - a scroll of immolation {unknown}
 A - a scroll of random uselessness {unknown}
Potions
 c - a potion of mutation {unknown}
 g - a potion of flight {unknown}
 h - a potion of haste {unknown}
 o - 2 potions of curing {unknown}
 p - a potion of might {unknown}
 C - a potion of lignification {unknown}
Comestibles
 d - 9 rations


   Skills:
 + Level 1.3 Fighting
 + Level 1.0 Short Blades
 + Level 2.2(2.4) Axes
 + Level 1.4(2.1) Maces & Flails
 + Level 1.2 Armour
 + Level 2.3 Dodging
 + Level 5.2 Stealth
 + Level 2.4 Spellcasting
 + Level 3.3 Hexes


You had 5 spell levels left.
You knew the following spells:

 Your Spells              Type           Power        Failure   Level  Hunger
a - Corona                Hex            ##.....      7%          1    #......
b - Confuse               Hex            ##......     21%         3    ###....

Your spell library contained the following spells:

 Spells                   Type           Power        Failure   Level  Hunger
 Tukima's Dance           Hex            ##......     21%         3    ###....
 Ensorcelled Hibernation  Hex/Ice        #.....       21%         2    ###....
 Dazzling Spray           Conj/Hex       #.....       38%         3    ###....


Dungeon Overview and Level Annotations

Branches:
Dungeon (4/15)
 Temple: D:4-7

Altars:
Fedhas
Gozag
Makhleb

Annotations:
D:4 Dowan


Innate Abilities, Weirdness & Mutations

You have extremely sharp teeth.
Your natural rate of healing is unusually fast.
When hurt, damage is shared between your health and your magic reserves.
Your bite disrupts and absorbs the magic of your enemies.
Potions cannot restore your health.
You are immune to rotting.


Message History

You hit the mummy.
The mummy is severely damaged.
The mummy misses you.
You hit the mummy.
The mummy is almost destroyed.
The mummy barely misses you.
You thump the mummy!
You destroy the mummy!
The mummy hits you but does no damage.
You hit the mummy.
The mummy is moderately damaged.
The mummy hits you!
* * * LOW HITPOINT WARNING * * *
You barely miss the mummy.
The mummy is moderately damaged.
The mummy closely misses you.
You hit the mummy.
The mummy is severely damaged.
The mummy hits you!
You die...

..............
............
#........#
#......#
#....# #....#
#....# #..M.#
#.@..# #....#
#....# #....#
#.∩∩.# ######


You could see a mummy.

Vanquished Creatures
  Ijyb (D:3)
  A big kobold zombie (Ossuary)
  3 mummies (Ossuary)
  Robin (D:3)
  5 adders
  A gnoll (D:1)
  An ooze (D:2)
  3 worms
  3 dart slugs
  2 leopard geckos (D:2)
  2 ball pythons (D:1)
  10 giant cockroaches
  19 goblins
  21 hobgoblins
  6 jackals (D:1)
  2 quokkas
  9 bats
  4 frilled lizards
  2 gnoll zombies (Ossuary)
  3 hobgoblin zombies (Ossuary)
  A jackal zombie (D:2)
  3 kobolds
  A kobold zombie (Ossuary)
  An orc zombie (Ossuary)
  5 rats
110 creatures vanquished.

Notes
Turn   | Place    | Note
-------+----------+-------------------------------------------
     0 | D:1      | Kairos the Vine Stalker Enchanter began the quest for the Orb.
     0 | D:1      | Reached XP level 1. HP: 9/9 MP: 4/4
    67 | D:1      | Reached XP level 2. HP: 5/13 MP: 4/6
   366 | D:1      | Reached skill level 4 in Stealth
  1067 | D:1      | Reached skill level 1 in Short Blades
  1075 | D:1      | Reached XP level 3. HP: 10/16 MP: 5/7
  1895 | D:2      | Learned a level 3 spell: Confuse
  1905 | D:2      | Gained mutation: Your natural rate of healing is unusually fast. [Vine Stalker growth]
  1905 | D:2      | Reached XP level 4. HP: 21/21 MP: 4/8
  2175 | D:2      | Reached skill level 1 in Axes
  2246 | D:2      | Found a burning altar of Makhleb.
  2371 | D:2      | Found an opulent altar of Gozag.
  2388 | D:2      | Found a blossoming altar of Fedhas.
  2474 | D:2      | Reached skill level 1 in Fighting
  2519 | D:2      | Reached XP level 5. HP: 25/25 MP: 9/9
  2758 | D:3      | Noticed Robin
  3011 | D:3      | Noticed Ijyb
  3029 | D:3      | Killed Ijyb
  3029 | D:3      | Reached skill level 5 in Stealth
  3177 | D:3      | Reached skill level 1 in Armour
  3479 | D:3      | Killed Robin
  3549 | D:4      | Found a sand-covered staircase.
  3565 | D:4      | Noticed Dowan
  3567 | Ossuary  | Entered an ossuary
  3619 | Ossuary  | Reached XP level 6. HP: 24/30 MP: 10/10
  3622 | Ossuary  | Reached skill level 1 in Maces & Flails
  3719 | Ossuary  | Mangled by a mummy

Vault maps used:
D:1:      saegor_arrival_simple_a, st_stairs_10, kennysheep_boxes
D:2:      lemuel_round_altar, grunt_temple_overflow_open, first_ration
D:3:      hangedman_abyss_or_decor_lesser_grid, wad_floor_pattern_1,
          minmay_cut_off, uniq_ijyb, uniq_robin
D:4:      lightli_ossuary_entry_decrepit_ruins,
          eino_small_chamber_without_monster, uniq_pikel, uniq_duvessa
Ossuary:  ossuary_tomb_3

Skill      XL: |  1  2  3  4  5  6 |
---------------+-------------------+-----
Stealth        | 4 5 |  5.2
Short Blades   | 1 |  1.0
Dodging        | 2 |  2.3
Axes           | 1 2 |  2.2
Fighting       | 1 |  1.3
Armour         | 1 |  1.2
Maces & Flails | 1 |  1.4
Spellcasting   | |  2.4
Hexes          | |  3.3

Action                   |  1- 3 |  4- 6 || total
-------------------------+-------+-------++-------
Melee: Dagger            |    50 |       ||    50
       Bite              |    10 |    41 ||    51
       Hand axe          |    49 |    86 ||   135
       Flail             |       |   105 ||   105
 Cast: Confuse           |     1 |     1 ||     2
 Stab: Sleeping          |     4 |    14 ||    18
  Eat: Chunk             |     2 |     4 ||     6
       Ration            |       |     1 ||     1
Armor: Robe              |    13 |       ||    13
       Leather armour    |    16 |    73 ||    89
Dodge: Dodged            |   106 |   138 ||   244

Table legend:
 A = Spawn XP
 B = Non-spawn XP
 C = Spawn XP percentage of total XP
 D = Spawn monster count
 E = Non-spawn monster count
 F = Spawn count percentage of total count
 G = Total turns spent on level
                    A         B        C        D         E        F      G
               +---------+---------+-------+---------+---------+-------+---------
         Total |       0 |     398 |   0.0 |       0 |     110 |   0.0 |  3719
               +---------+---------+-------+---------+---------+-------+---------
           D:1 |       0 |      77 |   0.0 |       0 |      35 |   0.0 |  1603
           D:2 |       0 |     109 |   0.0 |       0 |      30 |   0.0 |  1089
           D:3 |       0 |     126 |   0.0 |       0 |      34 |   0.0 |   857
       Ossuary |       0 |      86 |   0.0 |       0 |      11 |   0.0 |   152
               +---------+---------+-------+---------+---------+-------+---------
